 Dungeon Crawl Stone Soup version 0.16.2-3-ga078185 (webtiles) character file.

81 gorblad the Skirmisher (level 4, 0/44 HPs)
             Began as a Naga Chaos Knight on Sept 8, 2015.
             Slain by a goblin (1 damage)
             ... on level 2 of the Dungeon.
             The game lasted 00:05:59 (1322 turns).

gorblad the Skirmisher (Naga Chaos Knight)          Turns: 1322, Time: 00:05:59

Health: 0/44       AC:  6    Str: 15    XL:     4   Next: 42%
Magic:  4/4        EV:  9    Int: 12    God:    Xom [..*...]
Gold:   142        SH:  0    Dex: 11    Spells: 0 memorised, 3 levels left

rFire  . . .     SeeInvis +     a - +0 spear (chaos)
rCold  . . .     Clarity  .     b - +2 leather armour
rNeg   . . .     SustAb   .     (no shield)
rPois  +         Gourm    .     (no helmet)
rElec  .         Spirit   .     h - +0 cloak (curse)
rCorr  .         Warding  .     (no gloves)
rMut   .         Stasis   .     (no barding)
MR     +....                    (no amulet)
Stlth  +.........               n - ring of protection from magic
                                o - ring of see invisible

@: very slightly contaminated, invisible, very slow, somewhat resistant to
hostile enchantments, very unstealthy
A: spit poison, see invisible, deformed body, poison resistance, slowness 2, AC
+1
a: Spit Poison, Renounce Religion


You were on level 2 of the Dungeon.
You worshipped Xom.
You were a toy of Xom.
You were not hungry.

You visited 1 branch of the dungeon, and saw 3 of its levels.

You collected 142 gold pieces.

Inventory:

Hand weapons
 a - a +0 spear of chaos (weapon)
Missiles
 d - 19 sling bullets
Armour
 b - a +2 leather armour (worn)
 g - a +0 ring mail
 h - a cursed +0 cloak (worn)
 i - a +2 cloak
Jewellery
 n - a ring of protection from magic (right hand)
 o - a ring of see invisible (left hand)
Potions
 e - a potion of invisibility
 f - a potion of agility {unknown}
Comestibles
 c - 2 bread rations
 j - a meat ration
 k - a beef jerky
 l - a slice of pizza


   Skills:
 + Level 3.8 Fighting
 + Level 3.5 Polearms
 + Level 1.9 Armour
 + Level 1.7 Dodging
 + Level 0.9 Stealth


You had 3 spell levels left.
You didn't know any spells.

Dungeon Overview and Level Annotations

Branches:
Dungeon (3/15)

Altars:
Zin

Annotations:
D:3 Charly's ghost, average VSSk


Innate Abilities, Weirdness & Mutations

You cannot wear boots.
You can spit poison.
Your serpentine skin is tough (AC +1).
You have supernaturally acute eyesight.
Armour fits poorly on your strangely shaped body.
Your system is resistant to poisons.
You cover ground very slowly.


Message History

The goblin hits you.
The orc hits you with a whip of freezing!
* * * LOW HITPOINT WARNING * * *
The orc freezes you.
* * * LOW HITPOINT WARNING * * *
You hit the orc.
The orc is severely wounded.
The goblin hits you.
* * * LOW HITPOINT WARNING * * *
The orc hits you with a whip of freezing.
* * * LOW HITPOINT WARNING * * *
The orc freezes you.
* * * LOW HITPOINT WARNING * * *
It was a potion of invisibility.
You fade into invisibility!
The goblin barely misses you. The orc hits you but does no damage.
You are very lightly contaminated with residual magic.
The goblin hits you.
You die...
Xom yawns loudly!

..........###.##..##.............
##...............................
##.#...##.###.#..................
.#.##.###.......#.###............
...#..####..#####.# ##...........
.........#....###.# ##..........
...........##..#..# #.#########
.#.......#.###)#.#### #.#####
.#.##..........g@...###.....##
...#####.......o.##..........#
..## #.........####........# ..#
#.........# #........# .##
#.........# #.#.....## ####
#.........# #.###.### ...#
#.........# #.# #.# ...#
##.........# #.# #.#
...####.........#####.###.#


You could see an orc and a goblin.

Vanquished Creatures
  A gnoll (D:1)
  2 adders (D:2)
  2 worms (D:2)
  3 giant geckos (D:1)
  An orc (D:2)
  6 bats
  2 giant cockroaches
  3 goblins (D:1)
  6 hobgoblins
  3 jackals (D:1)
  A giant newt (D:2)
  5 kobolds
  2 quokkas (D:2)
  4 rats
41 creatures vanquished.

Notes
Turn   | Place    | Note
--------------------------------------------------------------
     0 | D:1      | gorblad, the Naga Chaos Knight, began the quest for the Orb.
     0 | D:1      | Reached XP level 1. HP: 21/21 MP: 1/1
   149 | D:1      | Reached XP level 2. HP: 28/28 MP: 2/2
   177 | D:1      | XOM: divination: detect items
   427 | D:1      | Reached XP level 3. HP: 32/34 MP: 3/3
   432 | D:1      | Reached skill level 1 in Dodging
   917 | D:2      | Reached XP level 4. HP: 44/44 MP: 4/4
  1039 | D:2      | Found a glowing silver altar of Zin.
  1104 | D:2      | XOM: silly message
  1193 | D:3      | Noticed Charly's ghost (average VSSk)
  1306 | D:2      | XOM: harmless Trmt miscast
  1320 | D:2      | HP: 1/44 [orc/whip of freezing (2)]
  1322 | D:2      | Slain by a goblin

Action                   |  1- 3 |  4- 6 || total
-------------------------+-------+-------++-------
Melee: Spear             |   103 |    34 ||   137
  Use: Scroll            |     1 |     2 ||     3
       Potion            |       |     1 ||     1
 Stab: Paralysed         |     4 |       ||     4
  Eat: Beef jerky        |       |     1 ||     1
